 Dungeon Crawl Stone Soup version 0.31-a0-152-g6aa68a64a1 (webtiles) character file.

Game seed: 16164105564613934847

1714 Midn8 the Fighter (level 8, -1/78 HPs)
             Began as a White Draconian Reaver on June 11, 2023.
             Was a Follower of Dithmenos.
             Slain by a two-headed ogre
             ... wielding a +0 giant club
              (15 damage)
             ... on level 6 of the Dungeon.
             The game lasted 00:17:22 (5257 turns).

Midn8 the Fighter (White Draconian Reaver)          Turns: 5257, Time: 00:17:22

Health: -1/78      AC:  6    Str: 15    XL:     8   Next: 74%
Magic:  10/11      EV: 12    Int: 16    God:    Dithmenos [*.....]
Gold:   283        SH:  0    Dex:  9    Spells: 4/11 levels left

rFire   . . .        z - +1 short sword (venom)
rCold   + + .        (no shield)
rNeg    . . .        (body armour unavailable)
rPois   .            (helmet restricted)
rElec   .            (no cloak)
rCorr   .            (no gloves)
SInv    .            (no boots)
Will    .....        w - amulet of magic regeneration
Stlth   +            v - ring of protection from cold
HPRegen 0.33/turn    (no ring)
MPRegen 0.52/turn

%: no passive effects
@: short of breath, very slightly contaminated, wreathed by umbra, studying
Fighting
A: breathe frost, AC +6, unfitting armour, cold resistance 1, cold-blooded
a: Breathe Frost, Renounce Religion


You were on level 6 of the Dungeon.
You worshipped Dithmenos.
Dithmenos was aware of your devotion.
You visited 1 branch of the dungeon, and saw 6 of its levels.

You collected 283 gold pieces.

Inventory:

Hand Weapons
 a - a +1 falchion
 z - a +1 short sword of venom (weapon)
Missiles
 h - 6 poisoned darts (quivered)
Armour
 y - an orb of wrath
Jewellery
 v - a ring of protection from cold (left hand)
 w - an amulet of magic regeneration (around neck)
Wands
 i - a wand of iceblast (13)
 j - a wand of mindburst (10)
 l - a wand of charming (10)
 q - a wand of polymorph (5)
Scrolls
 b - 4 scrolls of poison
 f - 3 scrolls of blinking
 g - 2 scrolls of enchant weapon
 m - 2 scrolls of fog {unknown}
 n - a scroll of identify
 o - 2 scrolls of teleportation {unknown}
 p - a scroll of fear {unknown}
 r - 2 scrolls of immolation {unknown}
Potions
 c - a potion of degeneration
 d - 4 potions of mutation {unknown}
 e - a potion of lignification {unknown}
 k - 3 potions of curing {unknown}
 s - 2 potions of brilliance {unknown}
 t - a potion of heal wounds {unknown}
 u - a potion of attraction {unknown}
 x - a potion of cancellation {unknown}


   Skills:
 - Level 9.0 Fighting
 + Level 0.0(5.1) Short Blades
 - Level 8.3 Long Blades
 - Level 1.7 Dodging
 - Level 2.0 Spellcasting
 - Level 4.0 Conjurations
 - Level 4.0 Necromancy
 - Level 2.0 Translocations


You had 4 spell levels left.
You knew the following spells:

 Your Spells              Type           Power      Damage    Failure   Level
a - Kiss of Death         Conj/Necr      56%        2d9       4%          1
e - Necrotise             Necr           56%        1d6       4%          1
s - Momentum Strike       Conj/Tloc      22%        3d8       9%          2
t - Hailstorm             Conj/Ice       8%         3d4       26%         3

Your spell library contained the following spells:

 Spells                   Type           Power      Damage    Failure   Level
 Magic Dart               Conj           56%        1d5       4%          1
 Apportation              Tloc           16%        N/A       9%          1
 Summon Small Mammal      Summ           4%         N/A       21%         1
 Call Imp                 Summ           2%         N/A       30%         2
 Poisonous Vapours        Pois/Air       2%         N/A       30%         2
 Mephitic Cloud           Conj/Pois/Air  5%         N/A       36%         3
 Inner Flame              Hex/Fire       1%         N/A       52%         3
 Summon Guardian Golem    Hex/Summ       1%         N/A       52%         3
 Freezing Cloud           Conj/Ice/Air   2%         6-21      98%         5
 Yara's Violent Unravell  Hex/Tmut       0%         3d3       99%         5
 Enfeeble                 Hex            0%         N/A       100%        7


Dungeon Overview and Level Annotations

Branches:
Dungeon (6/15)
 Temple: D:4-7

Altars:
Dithmenos
Fedhas
Kikubaaqudgha
Makhleb
Nemelex Xobeh
Wu Jian
Zin


Innate Abilities, Weirdness & Mutations

You can breathe waves of freezing cold which knock back foes.
Your icy white scales are hard. (AC +6)
You cannot fit into any form of body armour.
Your flesh is cold resistant. (rC+)
You are cold-blooded and may be slowed by cold attacks.


Message History

You miscast Momentum Strike.
Nothing appears to happen.
Casting: Momentum Strike (safe; 9% risk of failure)
Confirm with . or Enter, or press ? or * to list all spells.
Aiming: Momentum Strike (safe; 9% risk of failure)
Press: ? - help, Dir - move target, f/p - two-headed ogre
Aim: a two-headed ogre, wielding two +0 giant clubs (umbra, 85% to hit)
You miscast Momentum Strike.
Nothing appears to happen.
The two-headed ogre closely misses you. The two-headed ogre barely misses you.
You hit the two-headed ogre but do no damage.
You hit the two-headed ogre but do no damage.
You tail-slap the two-headed ogre.
The two-headed ogre is lightly wounded.
The two-headed ogre barely misses you.
The two-headed ogre hits you with a +0 giant club!
You hit the two-headed ogre but do no damage.
The two-headed ogre is poisoned.
The two-headed ogre is lightly wounded.
You hit the two-headed ogre.
The two-headed ogre is lightly wounded.
The two-headed ogre hits you with a +0 giant club!!
The two-headed ogre hits you with a +0 giant club!
You hit the two-headed ogre.
The two-headed ogre is lightly wounded.
You hit the two-headed ogre. You tail-slap the two-headed ogre.
The two-headed ogre is moderately wounded.
The two-headed ogre attacks as you move away!
The two-headed ogre closely misses you.
The two-headed ogre hits you but does no damage.
You completely miss the two-headed ogre.
The two-headed ogre is moderately wounded.
The two-headed ogre barely misses you. x2
You hit the two-headed ogre.
The two-headed ogre is moderately wounded.
You can't do that yet.
Unknown command.
The two-headed ogre attacks as you move away!
The two-headed ogre hits you with a +0 giant club!!
* * * LOW HITPOINT WARNING * * *
The two-headed ogre hits you with a +0 giant club!
You die...

..........# #.........
..........#######.........
####..........##.........
##......###+###........
#.†.....# #........ #
#.#.....# #.#......
#.######.#.....# #.#......
...#...#...O.# ######...
#.#.###...@.# #.... #...#
#.......# ...(.... ##..#
####.#### ##..[...
..#####..# #.# ........
.........## #.# ##
....##... .#........###
#?##.. #### ####
#......#...###.....
........###.#......
#................#


You could see a two-headed ogre (poisoned).

Vanquished Creatures
  Maggie (D:6)
  Sigmund (D:4)
  2 ice beasts
  2 ogres
  A centaur (D:5)
  2 bullfrogs
  3 scorpions
  A howler monkey (D:5)
  5 hounds
  2 jellies
  A sleepcap (D:6)
  2 iguanas (D:5)
  Terence (D:2)
  Robin (D:2)
  4 gnolls (D:4)
  6 adders
  2 white imps (D:5)
  An ufetubus (D:5)
  A worm (D:2)
  2 dart slugs
  4 orcs
  10 endoplasms
  4 giant cockroaches (D:1)
  13 goblins
  4 hobgoblins
  3 jackals (D:1)
  5 kobolds
  3 quokkas (D:4)
  6 ball pythons
  3 bats
  3 frilled lizards
  4 rats
103 creatures vanquished.

Vanquished Creatures (collateral kills)
  A giant cockroach (D:4)
1 creature vanquished.

Grand Total: 104 creatures vanquished

Notes
Turn   | Place    | Note
-------+----------+-------------------------------------------
     0 | D:1      | Midn8 the Draconian Reaver began the quest for the Orb.
     0 | D:1      | Reached XP level 1. HP: 17/17 MP: 3/3
   120 | D:1      | Reached XP level 2. HP: 24/24 MP: 5/5
   474 | D:2      | Learned a level 2 spell: Momentum Strike
   642 | D:2      | Reached skill level 1 in Translocations
   642 | D:2      | Reached XP level 3. HP: 25/27 MP: 4/6
   683 | D:2      | Identified the +0 helmet of Modern Birdsong {Drain rF+ MP+9
                  | Stlth+}
   683 | D:2      | Noticed Robin
   697 | D:2      | Noticed Terence
   710 | D:2      | Killed Terence
   998 | D:2      | Killed Robin
   999 | D:2      | Reached XP level 4. HP: 25/36 MP: 0/7
  1815 | D:3      | Learned a level 1 spell: Necrotise
  1869 | D:3      | Found an ornate altar of the Wu Jian Council.
  1883 | D:3      | Found a sparkling altar of Nemelex Xobeh.
  1912 | D:3      | Found a shadowy altar of Dithmenos.
  2171 | D:3      | Became a worshipper of Dithmenos the Shadowed
  2347 | D:4      | Noticed an ogre
  2357 | D:4      | Killed an ogre
  2358 | D:4      | Reached skill level 4 in Fighting
  2358 | D:4      | Reached skill level 1 in Necromancy
  2358 | D:4      | Reached XP level 5. HP: 46/46 MP: 5/8
  2576 | D:4      | Noticed Sigmund
  2608 | D:4      | Killed Sigmund
  2609 | D:4      | Reached skill level 5 in Long Blades
  2609 | D:4      | Reached XP level 6. HP: 43/52 MP: 5/9
  3008 | D:4      | Reached * piety under Dithmenos
  3421 | D:5      | Entered Level 5 of the Dungeon
  3436 | D:5      | Your scales start taking on an icy white colour.
  3436 | D:5      | Reached XP level 7. HP: 42/59 MP: 5/10
  3436 | D:5      | Gained mutation: Your flesh is cold resistant. (rC+) [White
                  | Draconian growth]
  3654 | D:5      | Got Withrietzo's Omnibus of the Crevasse and Beguiling
  3745 | D:5      | Found a glowing silver altar of Zin.
  4180 | D:5      | Found a burning altar of Makhleb.
  4255 | D:5      | Found an ancient bone altar of Kikubaaqudgha.
  4255 | D:5      | Found a blossoming altar of Fedhas.
  4397 | D:5      | Reached XP level 8. HP: 60/66 MP: 11/11
  4861 | D:6      | Reached skill level 5 in Fighting
  4874 | D:6      | Noticed Maggie
  4900 | D:6      | Killed Maggie
  4901 | D:6      | Reached skill level 7 in Fighting
  4965 | D:6      | Noticed a two-headed ogre
  5041 | D:6      | Reached skill level 8 in Fighting
  5139 | D:6      | Reached skill level 9 in Fighting
  5150 | D:6      | Learned a level 3 spell: Hailstorm
  5257 | D:6      | Slain by a two-headed ogre

Illustrated notes

Levels and vault maps discovered:
D:1:      minmay_arrival_plants_in_alcoves, layout_rooms
D:2:      layout_basic, serial_rivers, chequers_serial_rivers_micro_b,
          chequers_serial_rivers_micro_d, chequers_serial_rivers_small_3,
          chequers_serial_rivers_large_a, chequers_serial_rivers_micro_e,
          chequers_serial_rivers_micro_c, uniq_terence, uniq_robin
D:3:      layout_rooms, lemuel_crystal_altar, mainiacjoe_overflow_paths,
          nicolae_dithmenos_shadow_blocks
D:4:      layout_gridville, chequers_serial_rivers_micro_b, minmay_manual_moon,
          uniq_sigmund
D:5:      layout_basic, grunt_temple_overflow_growth_and_decay,
          mainiacjoe_overflow_brackets, zin_treasury,
          hangedman_abyss_or_decor_lesser_grid, grunt_ministairs_1
D:6:      layout_rooms, minmay_temple_entry_fiery, chequers_arboretum,
          uniq_maggie

Skill      XL: |  1  2  3  4  5  6  7  8 |
---------------+-------------------------+-----
Conjurations   | 4 |  4.0
Translocations | 1 2 |  2.0
Long Blades    | 4 5 6 7 8 |  8.3
Fighting       | 4 9 |  9.0
Necromancy     | 1 2 4 |  4.0
Dodging        | |  1.7
Spellcasting   | |  2.0

Action                     |  1- 3 |  4- 6 |  7- 9 || total
---------------------------+-------+-------+-------++-------
  Melee: Falchion          |   105 |   105 |   125 ||   335
         Tailslap          |     9 |    18 |    17 ||    44
         Punch             |       |     1 |     1 ||     2
         Short sword       |       |       |     8 ||     8
  Throw: Dart              |       |     2 |     3 ||     5
   Cast: Momentum Strike   |     6 |     8 |    15 ||    29
         Kiss of Death     |     1 |     1 |     2 ||     4
         Necrotise         |       |    37 |    15 ||    52
Ability: Breathe Frost     |       |       |    10 ||    10
  Evoke: Wand              |       |     2 |       ||     2
    Use: Scroll            |     1 |     4 |       ||     5
   Stab: Sleeping          |       |     2 |       ||     2
 Armour: Skin              |    34 |    28 |    32 ||    94
  Dodge: Dodged            |    77 |    61 |    90 ||   228

Table legend: (Time is in decaauts)
 A = Elapsed time spent in this place.
 B = Non-inter-level travel time spent in this place.
 C = Inter-level travel time spent in this place.
 D = Time resting spent in this place.
 E = Time spent auto-exploring this place.
 F = Levels seen in this place.
 G = Mean time per level.
                   A        B        C        D        E       F      G
               +--------+--------+--------+--------+--------+-----+--------+
         Total |   5288 |   5102 |    186 |   1138 |   2817 |   6 |  881.3 |
       Dungeon |   5288 |   5102 |    186 |   1138 |   2817 |   6 |  881.3 |
               +--------+--------+--------+--------+--------+-----+--------+

Top non-repeatable levels by time:
     D:5: 1387 daAuts
     D:2: 1238 daAuts
     D:4: 1135 daAuts
     D:3: 656 daAuts
     D:6: 438 daAuts
     D:1: 431 daAuts
